AoeStats
← ScipioAfricanus

Nomad

509341684Analyzed
4v4 RM · 7d ago on Sep 26, 2026· 44m 16s· 8 players
Game mode
Random Map
Map size
231×231
Population
200
Speed
Normal
Resources
Standard
Victory
Conquest
Starting age
Dark Age
Ending age
Imperial Age
RankedLock teamsTeams togetherTeam positionsShared explorationLock speedFull tech treeHidden civsTurbo modeCheats
Victory
Defeat
🇩🇪 Turks · Germany
1254
+14
1232
+15
🇨🇳 Berbers · China
1218
+16
🇬🇧 Danes · United Kingdom
1188
+29
🇬🇧 Bengalis · United Kingdom
1247
-18
🇿🇦 Celts · South Africa
1211
-15
🇿🇦 Goths · South Africa
1211
-15
🇿🇦 Burmese · South Africa
1183
-14
新手村五四
4:03 Loom
14:01 Feudal Age
19:16 Castle Age
18:21 Double-Bit Axe
18:43 Gold Mining
19:04 Fletching
19:47 Town Watch
20:51 Bodkin Arrow
21:30 Padded Archer Armor
26:37 Town Patrol
28:08 Wheelbarrow
kPL
13:04 Loom
15:04 Feudal Age
16:31 Town Watch
19:14 Castle Age
17:47 Gold Mining
18:34 Forging
20:23 Fletching
21:46 Wheelbarrow
23:12 Double-Bit Axe
24:38 Sanctity
25:21 Redemption
29:11 Town Patrol
31:22 Bow Saw
35:31 Imperial Age
33:10 Horse Collar
34:05 Hand Cart
33:46 Stone Mining
35:38 Scale Mail Armor
36:13 Iron Casting
36:43 Conscription
36:40 Chain Mail Armor
37:38 Block Printing
38:10 Theocracy
38:38 Blast Furnace
38:25 Gold Shaft Mining
39:03 Plate Mail Armor
38:26 Elite Jomsviking
39:45 Gold Shaft Mining
39:48 Town Patrol
39:16 Hamask
40:00 Squires
39:45 Arson
41:26 Bodkin Arrow
43:12 Hoardings
42:48 Bracer
42:48 Padded Archer Armor
43:50 Chemistry
43:10 Ballistics
43:02 Masonry
Birkules
5:27 Loom
14:03 Feudal Age
15:06 Double-Bit Axe
21:55 Castle Age
20:23 Fletching
22:23 Forging
22:20 Scale Barding Armor
22:05 Fishing Lines
23:53 Bow Saw
23:54 Bodkin Arrow
23:56 Stone Mining
24:58 Gold Mining
25:33 Bloodlines
25:52 Medium Warships
28:25 Gillnets
35:49 Horse Collar
38:10 Iron Casting
37:56 Chain Barding Armor
38:21 Wheelbarrow
38:26 Gold Shaft Mining
42:02 Imperial Age
39:59 Husbandry
44:30 Hoardings
44:16 Conscription
43:57 Artillery
GAMARÚS de CAGABANDÚRRIES
3:53 Loom
14:18 Feudal Age
18:46 Castle Age
17:19 Fletching
17:29 Padded Archer Armor
18:17 Gold Mining
18:26 Double-Bit Axe
18:44 Fishing Lines
19:40 Bodkin Arrow
21:59 Bow Saw
22:25 Gillnets
24:18 Ballistics
29:11 Scale Mail Armor
34:37 Imperial Age
34:06 Chain Mail Armor
34:02 Forging
34:12 Squires
35:03 Chieftains
34:55 Capped Ram
35:16 Elite Berserk
36:20 Conscription
35:46 Pikeman
37:43 Iron Casting
37:38 Plate Mail Armor
39:40 Blast Furnace
42:06 Bracer
ScipioAfricanus
14:08 Feudal Age
20:36 Castle Age
21:46 Wheelbarrow
20:57 Loom
21:50 Wheelbarrow
37:52 Fletching
38:33 Bodkin Arrow
Attila
4:17 Loom
13:00 Feudal Age
17:15 Castle Age
16:00 Double-Bit Axe
16:23 Man-at-Arms
17:26 Long Swordsman
18:21 Town Watch
19:24 Arson
22:13 Scale Mail Armor
27:43 Horse Collar
39:09 Ballistics
42:31 Murder Holes
Koekie
3:50 Loom
11:53 Loom
14:09 Feudal Age
18:55 Castle Age
20:06 Town Watch
23:34 Gold Mining
23:26 Horse Collar
25:50 Wheelbarrow
28:09 Heavy Plow
33:24 Imperial Age
31:12 Hand Cart
31:11 Stone Mining
32:19 Fortified Wall
31:54 Treadmill Crane
33:34 Husbandry
33:47 Bloodlines
33:51 Scale Barding Armor
33:56 Forging
34:07 Light Cavalry
37:42 Conscription
37:23 Howdah
39:24 Chemistry
39:54 Crop Rotation
40:51 Chain Barding Armor
41:06 Iron Casting
40:46 Elite Battle Elephant
40:52 Man-at-Arms
41:18 Gambesons
41:35 Squires
42:51 Fletching
43:02 Padded Archer Armor
43:41 Plate Barding Armor
SillySamurai
4:42 Loom
12:56 Feudal Age
13:37 Double-Bit Axe
19:12 Castle Age
17:56 Horse Collar
20:18 Wheelbarrow
19:29 Town Watch
20:57 Medium Warships
23:04 Bow Saw
28:34 Heavy Plow
29:25 Gold Mining
30:45 Hand Cart
30:37 Town Patrol
35:00 Imperial Age
33:07 Scale Mail Armor
33:18 Forging
32:57 Treadmill Crane
33:40 Ballistics
34:41 Chain Mail Armor
35:25 Anarchy
36:43 Iron Casting
36:01 Elite Huskarl
37:05 Squires
38:27 Masonry
39:18 Chemistry
42:23 Fletching
Connection lost

Rejoining the realm…

Still unreachable

The connection could not be restored.

Session expired

The server has moved on; the page needs a fresh start.